AoeStats
← Red Calypso

Hill Fort

506540605Analyzed
4v4 RM · 19d ago on Sep 14, 2026· 48m 0s· 8 players
Game mode
Random Map
Map size
Large (8 player)
Population
200
Speed
Normal
Resources
Standard
Victory
Conquest
Starting age
Dark Age
Ending age
Imperial Age
RankedLock teamsTeams togetherTeam positionsShared explorationLock speedFull tech treeHidden civsTurbo modeCheats
Victory
Defeat
1570
+11
🇦🇹 Khitans · Austria
1478
+15
🇺🇸 Hindustanis · United States
1443
+16
🇹🇼 Bulgarians · Taiwan
1326
+20
🇺🇸 Cumans · United States
1505
-18
🇺🇸 Bohemians · United States
1441
-15
🇦🇷 Vikings · Argentina
1429
-15
🇦🇹 Persians · Austria
1413
-14
Ice2207
11:02 Feudal Age
15:02 Castle Age
13:36 Double-Bit Axe
16:05 Bow Saw
15:37 Horse Collar
17:07 Loom
22:18 Wheelbarrow
24:17 Heavy Plow
24:51 Hand Cart
25:30 Gold Mining
31:20 Imperial Age
29:36 Bloodlines
29:33 Scale Barding Armor
29:38 Forging
30:24 Husbandry
30:52 Chain Barding Armor
31:43 Town Watch
31:23 Heavy Camel Rider
33:06 Plate Barding Armor
34:08 Iron Casting
35:29 Blast Furnace
34:30 Light Cavalry
35:04 Imperial Camel Rider
37:41 Chemistry
36:52 Masonry
38:04 Fletching
39:20 Grand Trunk Road
39:44 Conscription
40:00 Hoardings
40:37 Siege Engineers
41:00 Bodkin Arrow
42:47 Coinage
42:51 Town Patrol
42:28 Hussar
45:56 Ballistics
46:06 Murder Holes
Red Calypso
7:02 Loom
9:47 Feudal Age
10:34 Double-Bit Axe
11:42 Forging
20:31 Castle Age
20:44 Fletching
20:55 Padded Archer Armor
23:02 Iron Casting
21:52 Light Cavalry
22:32 Husbandry
22:44 Heavy Cavalry Archer
24:54 Wheelbarrow
25:01 Scale Barding Armor
26:09 Bow Saw
28:48 Imperial Age
26:44 Bodkin Arrow
27:38 Thumb Ring
27:52 Leather Archer Armor
27:37 Domestication
27:56 Gold Mining
28:39 Pastoralism
29:03 Ballistics
30:39 Chemistry
30:28 Bracer
32:13 Two-Man Saw
32:07 Heavy Cavalry Archer
33:13 Parthian Tactics
33:36 Pastoralism
35:56 Hand Cart
37:21 Ring Archer Armor
40:49 Treadmill Crane
41:20 Masonry
41:07 Stone Mining
42:52 Chain Barding Armor
43:30 Stone Shaft Mining
43:27 Transhumance
43:50 Plate Barding Armor
44:54 Siege Engineers
45:52 Fortified Wall
老楊默默地吃了熱香蕉泡麵
10:51 Feudal Age
14:41 Castle Age
13:36 Double-Bit Axe
14:13 Horse Collar
21:22 Fishing Lines
24:53 Bow Saw
25:55 Padded Archer Armor
26:16 Medium Warships
33:15 Wheelbarrow
33:57 Loom
38:28 Imperial Age
36:51 Hand Cart
40:40 Gold Mining
40:51 Scale Mail Armor
41:02 Forging
40:29 Elite Conquistador
42:05 Pikeman
43:01 Chain Mail Armor
43:22 Iron Casting
43:16 Leather Archer Armor
43:27 Fletching
44:08 Plate Mail Armor
43:40 Squires
43:25 Gambesons
43:26 Arson
45:26 Conscription
46:08 Blast Furnace
44:56 Halberdier
45:38 Bodkin Arrow
47:18 Capped Ram
Fun4
7:58 Loom
10:30 Feudal Age
14:51 Castle Age
13:43 Double-Bit Axe
14:40 Horse Collar
25:24 Bow Saw
26:31 Wheelbarrow
26:41 Fishing Lines
32:14 Imperial Age
29:49 Fletching
30:38 Scale Barding Armor
31:24 Chain Barding Armor
31:51 Gold Mining
32:25 Forging
34:19 Stirrups
36:05 Plate Barding Armor
35:43 Bloodlines
35:34 Husbandry
36:19 Bodkin Arrow
36:47 Elite Konnik
37:50 Conscription
39:03 Iron Casting
38:32 Heavy Plow
40:59 Pikeman
43:31 Blast Furnace
44:47 Bracer
46:35 Crop Rotation
46:07 Scale Mail Armor
45:59 Halberdier
46:46 Herbal Medicine
48:09 Caravan
Mis
11:41 Feudal Age
13:37 Loom
17:04 Castle Age
15:21 Double-Bit Axe
15:24 Horse Collar
17:53 Wheelbarrow
18:17 Bow Saw
19:41 Chemistry
27:32 Fishing Lines
31:53 Imperial Age
32:36 Hand Cart
34:09 Fervor
34:19 Scale Mail Armor
33:44 Pikeman
34:30 Town Watch
34:29 Halberdier
36:10 Squires
36:13 Fletching
39:09 Bodkin Arrow
39:36 Ballistics
39:51 Bracer
41:03 Chain Mail Armor
40:56 Elite Skirmisher
41:40 Padded Archer Armor
41:55 Heavy Plow
42:38 Leather Archer Armor
43:00 Forging
43:02 Treadmill Crane
43:35 Masonry
43:31 Siege Engineers
46:04 Plate Mail Armor
46:09 Iron Casting
49:01 Blast Furnace
firebat
6:13 Loom
8:40 Feudal Age
9:25 Double-Bit Axe
16:36 Wheelbarrow
16:09 Horse Collar
17:53 Town Watch
20:00 Gold Mining
22:14 Castle Age
21:20 Scale Barding Armor
21:26 Forging
21:30 Bloodlines
22:27 Light Cavalry
23:29 Chain Barding Armor
24:54 Hand Cart
27:57 Bow Saw
31:31 Iron Casting
34:21 Imperial Age
31:50 Capped Ram
32:50 Steppe Husbandry
34:06 Gold Shaft Mining
34:40 Ballistics
36:08 Plate Barding Armor
34:58 Cavalier
37:18 Blast Furnace
36:47 Heavy Plow
36:15 Siege Ram
38:17 Caravan
38:55 Hussar
41:04 Paladin
kiricocho
10:47 Feudal Age
14:17 Loom
17:07 Castle Age
15:35 Double-Bit Axe
15:43 Horse Collar
17:11 Gold Mining
17:20 Fletching
20:42 Bodkin Arrow
23:19 Ballistics
32:53 Imperial Age
35:10 Chemistry
34:12 Bracer
34:12 Padded Archer Armor
33:41 Elite Longship
41:03 Conscription
40:56 Forging
40:46 Scale Mail Armor
43:40 Squires
44:28 Crossbowman
45:26 Caravan
46:09 Bow Saw
46:15 Leather Archer Armor
45:45 Arbalester
46:46 Bogsveigar
49:05 Two-Man Saw
IRON MIKE
9:47 Feudal Age
12:56 Double-Bit Axe
15:45 Castle Age
15:46 Fletching
16:25 Bow Saw
15:59 Horse Collar
16:29 Loom
19:03 Bodkin Arrow
20:20 Wheelbarrow
19:16 Elite Skirmisher
23:50 Hand Cart
25:57 Town Watch
26:29 Padded Archer Armor
28:08 Heavy Plow
30:15 Ballistics
30:21 Husbandry
30:32 Bloodlines
32:01 Thumb Ring
32:38 Leather Archer Armor
37:59 Imperial Age
35:57 Caravan
36:37 Scale Barding Armor
36:55 Masonry
38:49 Conscription
38:42 Pikeman
39:22 Squires
40:03 Parthian Tactics
39:13 Halberdier
40:09 Citadels
39:31 Capped Ram
40:55 Ring Archer Armor
40:45 Chain Barding Armor
41:36 Parthian Tactics
43:19 Chemistry
42:50 Architecture
41:45 Light Cavalry
42:17 Crossbowman
42:59 Kamandaran
42:58 Hussar
44:34 Chain Barding Armor
44:25 Forging
44:57 Cavalier
45:51 Murder Holes
46:37 Savar
Connection lost

Rejoining the realm…

Still unreachable

The connection could not be restored.

Session expired

The server has moved on; the page needs a fresh start.